 Dungeon Crawl Stone Soup version 0.30-a0-272-gf98c3da03f (webtiles) character file.

Game seed: 15427977584266764854

15 lunkers the Insei (level 2, 0/20 HPs)
             Began as a Meteoran Wanderer on Oct 15, 2022.
             Slain by an adder (2 damage)
             ... on level 1 of the Dungeon.
             The game lasted 00:00:52 (246 turns).

lunkers the Insei (Meteoran Wanderer)                Turns: 246, Time: 00:00:53

Health: 0/20       AC:  3    Str: 14    XL:     2   Next: 88%
Magic:  1/5        EV: 10    Int: 11    God:
Gold:   13         SH:  4    Dex: 14    Spells: 2/3 levels left

rFire   . . .      SeeInvis .    a - +0 club
rCold   . . .      Faith    .    c - +0 buckler
rNeg    . . .      Spirit   .    e - +0 leather armour
rPois   .          Reflect  .    (no helmet)
rElec   .          Harm     .    (no cloak)
rCorr   .          Rampage  .    (no gloves)
Will    .....                    (no boots)
Stlth   +.........               i - amulet of regeneration
HPRegen 1.03/turn                (no ring)
MPRegen 0.09/turn                (no ring)

@: lethally poisoned (0 -> -7), glowing
A: sense surroundings 1, otherworldly, glowing, explore regen
a: no special abilities


You were on level 1 of the Dungeon.
You visited 1 branch of the dungeon, and saw 2 of its levels.

You collected 13 gold pieces.

Inventory:

Hand Weapons
 a - a +0 club (weapon)
Armour
 c - a +0 buckler (worn)
 e - a +0 leather armour (worn)
Jewellery
 i - an amulet of regeneration (around neck)
Scrolls
 b - a scroll of blinking
 h - 2 scrolls of identify {unknown}
 j - a scroll of summoning {unknown}
Potions
 d - a potion of lignification
 f - a potion of brilliance
 g - a potion of curing {unknown}


   Skills:
 + Level 2.8 Maces & Flails
 - Level 1.2 Armour
 - Level 1.4 Stealth
 - Level 2.4 Shields
 - Level 3.6 Unarmed Combat
 - Level 1.3 Spellcasting
 - Level 1.2 Transmutations


You had 2 spell levels left.
You knew the following spells:

 Your Spells              Type           Power      Damage    Failure   Level
p - Sting                 Tmut/Pois      8%         1d3       38%         1

Your spell library contained the following spells:

 Spells                   Type           Power      Damage    Failure   Level
 Ignite Poison            Fire/Tmut/Pois 1%         N/A       80%         3


Dungeon Overview and Level Annotations

Branches:
Dungeon (2/15) Zot: 943

Altars:


Innate Abilities, Weirdness & Mutations

You passively map a small area around you.
You are easily found by Zot.
You glow in the dark.
You regain HP and MP as you explore.


Message History

You barely miss the adder.
The adder is lightly wounded.
You feel sick. The adder bites you.
The adder bites you but does no damage. x2
The adder bites you.
* * * LOW HITPOINT WARNING * * *
You are too injured to fight recklessly!
Casting: Sting (safe; 38% risk of failure)
Confirm with . or Enter, or press ? or * to list all spells.
You don't know that spell.
Unknown command.
Unknown command.
Aiming: Sting (safe; 38% risk of failure)
Press: ? - help, Q - select action Shift-Dir - straight line, f - adder
Aim: an adder (lightly wounded, 43% to hit)
The sting hits the adder.
The adder is poisoned.
The adder is moderately wounded.
You feel sick. The adder bites you but does no damage. The adder bites you.
* * * LOW HITPOINT WARNING * * *
Aiming: Sting (safe; 38% risk of failure)
Press: ? - help, Q - select action Shift-Dir - straight line, f/p - adder
Aim: an adder (moderately wounded, poisoned, 43% to hit)
The sting misses the adder.
You feel sick. The adder bites you.
* * * LOW HITPOINT WARNING * * *
The adder bites you but does no damage.
Aiming: Sting (safe; 38% risk of failure)
Press: ? - help, Q - select action Shift-Dir - straight line, f/p - adder
Aim: an adder (heavily wounded, poisoned, 43% to hit)
The sting hits the adder.
The adder looks even sicker.
The adder is heavily wounded.
You feel sick.
You are no longer poisoned.
The adder bites you.
* * * LOW HITPOINT WARNING * * *
You are poisoned.
The adder poisons you! The adder bites you.
* * * LOW HITPOINT WARNING * * *
You are more poisoned.
The adder poisons you! The adder bites you.
You die...

.....#..)### ,
...........###
........##...#
##......####.#######
........###........#
...................#
#......##.........#
#....SS###........#
* #.....@#
#........# , ,
######## #........#
##########


You could see 2 adders.

Vanquished Creatures
  2 ball pythons (D:1)
  2 endoplasms (D:1)
  A giant cockroach (D:1)
  2 goblins (D:1)
  A hobgoblin (D:1)
  2 kobolds (D:1)
  A bat (D:1)
  A frilled lizard (D:1)
  2 rats (D:1)
14 creatures vanquished.

Notes
Turn   | Place    | Note
-------+----------+-------------------------------------------
     0 | D:1      | lunkers the Meteoran Wanderer began the quest for the Orb.
     0 | D:1      | lunkers set off with the following items: a +0 club, a
                  | scroll of blinking, a +0 buckler, a potion of
                  | lignification, a +0 leather armour, a potion of brilliance;
                  | and the following spell memorised: Sting; and the following
                  | spells available to memorise: Ignite Poison.
     0 | D:1      | Reached XP level 1. HP: 14/14 MP: 3/3
    36 | D:1      | Reached skill level 1 in Maces & Flails
    48 | D:1      | Reached XP level 2. HP: 20/20 MP: 0/5
   246 | D:1      | Slain by an adder

Illustrated notes

Levels and vault maps discovered:
D:1:      wheals_arrival_shading, layout_rooms
D:2:      layout_loops_ring, grunt_ministairs_14,
          minmay_misc_feat_secret_circle, uniq_crazy_yiuf_cottage

Skill      XL: |  1  2 |
---------------+-------+-----
Maces & Flails | 1 2 |  2.8
Armour         | |  1.2
Stealth        | |  1.4
Shields        | |  2.4
Unarmed Combat | |  3.6
Spellcasting   | |  1.3
Transmutations | |  1.2

Action                   || total
-------------------------++-------
Melee: Club              ||    36
 Cast: Sting             ||    13
Armor: Leather armour    ||    19
Dodge: Dodged            ||    14
Block: Buckler           ||     5

Table legend: (Time is in decaauts)
 A = Elapsed time spent in this place.
 B = Non-inter-level travel time spent in this place.
 C = Inter-level travel time spent in this place.
 D = Time resting spent in this place.
 E = Time spent auto-exploring this place.
 F = Levels seen in this place.
 G = Mean time per level.
                   A        B        C        D        E       F      G
               +--------+--------+--------+--------+--------+-----+--------+
         Total |    255 |    255 |      0 |      0 |    145 |   2 |  127.5 |
       Dungeon |    255 |    255 |      0 |      0 |    145 |   2 |  127.5 |
               +--------+--------+--------+--------+--------+-----+--------+

Top non-repeatable levels by time:
     D:1: 250 daAuts
     D:2: 4 daAuts
